 Dungeon Crawl Stone Soup version 0.28.0 (webtiles) character file.

Game seed: 11000184227840019890

124 dualclasshuman the Slasher (level 4, -2/40 HPs)
             Began as a Draconian Gladiator on Feb 10, 2022.
             Was a Follower of Vehumet.
             Killed by nerve-wracking pain
             ... invoked by RascalDebosk's ghost
              (4 damage)
             ... on level 3 of the Dungeon.
             The game lasted 00:09:59 (3914 turns).

dualclasshuman the Slasher (Draconian Gladiator)    Turns: 3914, Time: 00:10:00

Health: -2/40      AC:  6    Str: 16      XL:     4   Next: 81%
Magic:  3/4        EV: 13    Int:  8      God:    Vehumet [*.....]
Gold:   93         SH:  0    Dex: 13 (15) Spells: 2/3 levels left

rFire   . . .      SeeInvis .   a - +0 long sword
rCold   . . .      Faith    .   (no shield)
rNeg    . . .      Spirit   .   (armour unavailable)
rPois   .          Reflect  .   b - +0 hat
rElec   .          Harm     .   (no cloak)
rCorr   .          Rampage  .   (no gloves)
Will    .....                   (no boots)
Stlth   +.........              (no amulet)
HPRegen 0.13/turn               (no ring)
MPRegen 0.09/turn               (no ring)

@: lethally poisoned (-2 -> -13), attractive
A: AC +5, unfitting armour, cold-blooded, claws 1, high MP 1, shaggy fur 1,
MP-powered wands
a: Renounce Religion


You were on level 3 of the Dungeon.
You worshipped Vehumet.
Vehumet was aware of your devotion.
You visited 1 branch of the dungeon, and saw 3 of its levels.

You collected 93 gold pieces.

Inventory:

Hand Weapons
 a - a +0 long sword (weapon)
Missiles
 c - 3 throwing nets (quivered)
Armour
 b - a +0 hat (worn)
Scrolls
 d - a scroll of noise {unknown}
 f - a scroll of teleportation {unknown}
 h - a scroll of amnesia {unknown}
 j - a scroll of fog {unknown}
 k - a scroll of vulnerability {unknown}
 m - a scroll of identify {unknown}
 o - a scroll of silence {unknown}


   Skills:
 * Level 3.7 Fighting
 + Level 4.0 Long Blades
 + Level 2.0 Throwing
 * Level 3.2 Dodging
 + Level 0.2 Spellcasting
 + Level 0.1 Conjurations
 + Level 0.8 Fire Magic


You had 2 spell levels left.
You knew the following spells:

 Your Spells              Type           Power      Damage    Failure   Level
a - Foxfire               Conj/Fire      0%         2x1d4     34%         1

Your spell library contained the following spells:

 Spells                   Type           Power      Damage    Failure   Level
 Ozocubu's Armour         Ice            0%         N/A       78%         3
 Ozocubu's Refrigeration  Ice            0%         4d5       100%        7


Dungeon Overview and Level Annotations

Branches:
Dungeon (3/15)

Altars:
Vehumet
Xom

Annotations:
D:3 1 transporter, RascalDebosk's ghost, amateur DsNe


Innate Abilities, Weirdness & Mutations

Your plain brown scales are hard. (AC +5)
You cannot fit into any form of body armour.
You are cold-blooded and may be slowed by cold attacks.
You have sharp fingernails.
You have an increased reservoir of magic. (+10% MP)
You are covered in fur. (AC +1)
You expend magic power (3 MP) to strengthen your wands.


Message History

The quasit claws you but does no damage.
The quasit bites you. The quasit closely misses you. x2
RascalDebosk's ghost gestures at you while chanting.
You barely resist.
The quasit bites you but does no damage.
The quasit claws you. The quasit closely misses you.
It was a potion of flight.
You feel very buoyant.
You fly up into the air.
You feel sick. The quasit bites you.
The quasit claws you but does no damage. x2
RascalDebosk's ghost gestures at you while chanting.
Pain shoots through your body!
* * * LOW HITPOINT WARNING * * *
The quasit bites you but does no damage.
The quasit closely misses you. The quasit barely misses you.
The quasit closely misses you.
The quasit claws you but does no damage.
The quasit closely misses you.
It was a potion of attraction.
You feel attractive to monsters.
You feel sick. The quasit misses you.
The quasit claws you but does no damage. x2
RascalDebosk's ghost hits you.
* * * LOW HITPOINT WARNING * * *
You are lethally poisoned!
The quasit bites you but does no damage.
The quasit closely misses you. x2
It was a potion of cancellation.
Your magical effects are unravelling.
You feel magically purged.
You float gracefully downwards.
* * * LOW HITPOINT WARNING * * *
You feel very sick.
The quasit bites you but does no damage.
The quasit claws you but does no damage.
The quasit closely misses you.
The quasit bites you but does no damage.
The quasit claws you but does no damage. x2
RascalDebosk's ghost gestures at you while chanting.
Pain shoots through your body!
You die...

.# ###................<.......#.
#####...####.©.####..##........#.
......###. #####..##.##........#.
####.##..#..)$.....#..#....>...#.
#.#....###=..##.##.####.#####.
#.##.#(....#.....#.# #........
#..#...#..©..##..#.# #........
##.#..##.!#.55...#.# #....)...
#.#....#...#@..##.# #........
#.##......#W..©#..# #........
#..##.###..#####.## #........
##..###©####.....####........
##..........................
#####.......###############
#########


You could see 2 quasits and RascalDebosk's ghost.

Vanquished Creatures
  3 gnolls (D:2)
  3 adders
  A worm (D:2)
  2 dart slugs
  An orc (D:3)
  4 endoplasms
  A giant cockroach (D:3)
  4 goblins
  5 hobgoblins
  4 jackals (D:2)
  7 kobolds
  5 quokkas
  9 ball pythons
  A bat (D:3)
  2 frilled lizards
  5 rats
57 creatures vanquished.

Vanquished Creatures (collateral kills)
  A foxfire (D:2)
1 creature vanquished.

Vanquished Creatures (others)
  15 foxfires
  2 plants (D:2)
  4 toadstools (D:1)
21 creatures vanquished.

Grand Total: 79 creatures vanquished

Notes
Turn   | Place    | Note
-------+----------+-------------------------------------------
     0 | D:1      | dualclasshuman the Draconian Gladiator began the quest for
                  | the Orb.
     0 | D:1      | Reached XP level 1. HP: 17/17 MP: 1/1
   351 | D:1      | Found a faded altar of an unknown god.
   404 | D:1      | Reached XP level 2. HP: 16/25 MP: 2/2
  1163 | D:1      | Reached XP level 3. HP: 30/30 MP: 3/3
  1294 | D:1      | Prayed at the altar of an unknown god.
  1294 | D:1      | Became a worshipper of Vehumet
  1294 | D:1      | Reached * piety under Vehumet
  1294 | D:1      | Offered knowledge of Foxfire by Vehumet.
  1297 | D:1      | Learned a level 1 spell: Foxfire
  2465 | D:2      | Reached XP level 4. HP: 29/38 MP: 2/4
  2709 | D:2      | Found a shimmering altar of Xom.
  3317 | D:3      | Found a transporter.
  3320 | D:3      | Noticed RascalDebosk's ghost (amateur DsNe)
  3356 | D:3      | Found a transporter.
  3591 | D:3      | Reached skill level 4 in Long Blades
  3911 | D:3      | Gained mutation: You are covered in fur. (AC +1) [potion of
                  | mutation]
  3911 | D:3      | Gained mutation: You have sharp fingernails. [potion of
                  | mutation]
  3911 | D:3      | Gained mutation: You have an increased reservoir of magic.
                  | (+10% MP) [potion of mutation]
  3911 | D:3      | Gained mutation: You expend magic power (3 MP) to
                  | strengthen your wands. [potion of mutation]
  3914 | D:3      | HP: 2/40 [poisoned by RascalDebosk's ghost]
  3914 | D:3      | Killed from afar by RascalDebosk's ghost

Illustrated notes

Levels and vault maps discovered:
D:1:      ldierk_water_garden, layout_basic, basic_ecumenical_altar
D:2:      layout_loops_cross, basic_altar, grunt_decor_resistance,
          serial_bayou_pond_e, serial_bayou_pond_c, chequers_serial_rivers_marsh
D:3:      layout_basic, gammafunk_ghost_stat_death

Skill      XL: |  1  2  3  4 |
---------------+-------------+-----
Throwing       | 2 |  2.0
Dodging        | 3 |  3.2
Fighting       | 3 |  3.7
Long Blades    | 4 |  4.0
Spellcasting   | |  0.2
Conjurations   | |  0.1
Fire Magic     | |  0.8

Action                   |  1- 3 |  4- 6 || total
-------------------------+-------+-------++-------
Melee: Long sword        |   137 |    67 ||   204
       Tailslap          |    11 |    13 ||    24
       Punch             |     2 |     1 ||     3
Throw: Throwing net      |     2 |       ||     2
 Cast: Foxfire           |     6 |     7 ||    13
  Use: Potion            |     1 |     6 ||     7
 Stab: Held in net/web   |     1 |       ||     1
       Sleeping          |       |     2 ||     2
Armor: Skin              |    45 |    77 ||   122
Dodge: Dodged            |    86 |   125 ||   211
